 Dungeon Crawl Stone Soup version 0.27.1-33-g824d729ab1 (webtiles) character file.

Game seed: 1278664275988698604

11333 Duder the Basher (level 11, 0/99 HPs)
             Began as a Minotaur Berserker on Dec 8, 2021.
             Was a High Priest of Trog.
             Slain by Snorg (16 damage)
             ... on level 10 of the Dungeon.
             The game lasted 00:29:38 (10493 turns).

Duder the Basher (Minotaur Berserker)              Turns: 10493, Time: 00:29:40

Health: 0/99       AC: 34    Str: 25    XL:     11   Next: 47%
Magic:  10/10      EV: 11    Int:  4    God:    Trog [*****.]
Gold:   331        SH: 10    Dex: 16    Spells: 10/10 levels left

rFire    . . .     SeeInvis .   I - +1 morningstar (protect)
rCold    . . .     Faith    .   f - +0 buckler
rNeg     . . .     Spirit   .   K - +0 plate armour
rPois    .         Reflect  +   q - +2 hat
rElec    .         Harm     .   z - +1 cloak
rCorr    .         Rampage  .   E - +1 pair of gloves {Stlth+}
Will     .....                  L - +1 pair of boots
Stlth    ..........             D - amulet of reflection
HPRegen  0.26/turn              g - +4 ring of protection
MPRegen  0.12/turn              F - +6 ring of dexterity

@: under a protective aura
A: horns 2, retaliatory headbutt
a: Renounce Religion, Berserk, Trog's Hand, Brothers in Arms


You were on level 10 of the Dungeon.
You worshipped Trog.
Trog was extremely pleased with you.
You visited 1 branch of the dungeon, and saw 10 of its levels.

You collected 533 gold pieces.
You spent 202 gold pieces at shops.

Inventory:

Hand Weapons
 I - a +1 morningstar of protection (weapon)
Missiles
 a - 9 boomerangs
 h - 233 stones (quivered)
 l - 4 boomerangs of dispersal
 C - 33 poisoned darts
 O - 8 silver javelins
 P - 5 curare-tipped darts
Armour
 f - a +0 buckler (worn)
 q - a +2 hat (worn)
 z - a +1 cloak (worn)
 E - a +1 pair of gloves of stealth (worn)
 K - a +0 plate armour (worn)
 L - a +1 pair of boots (worn)
Jewellery
 g - a +4 ring of protection (left hand)
 D - an amulet of reflection (around neck)
 F - a +6 ring of dexterity (right hand)
Wands
 s - a wand of paralysis (9)
 x - a wand of digging (12)
 y - a wand of flame (26)
 M - a wand of mindburst (21)
 Q - a wand of polymorph (5)
 R - a wand of iceblast (9)
Scrolls
 m - 2 scrolls of identify
 p - 4 scrolls of teleportation
 r - a scroll of summoning
 t - a scroll of amnesia
 v - a scroll of brand weapon
 A - 2 scrolls of noise
 B - a scroll of fog
 G - a scroll of enchant weapon
 N - 2 scrolls of fear
Potions
 b - 4 potions of lignification
 c - a potion of invisibility
 d - 3 potions of haste
 e - 4 potions of attraction
 i - 2 potions of degeneration
 j - 2 potions of ambrosia
 k - 11 potions of curing
 n - 2 potions of mutation {unknown}
 o - 3 potions of magic {unknown}
 u - 2 potions of might {unknown}
 w - 2 potions of cancellation {unknown}
 J - a potion of brilliance {unknown}
Miscellaneous
 H - a piece from Xom's chessboard (15/15)


   Skills:
 + Level 10.0 Fighting
 * Level 13.1 Maces & Flails
 + Level 5.1 Throwing
 + Level 9.5 Armour
 + Level 8.7 Dodging
 - Level 4.0 Shields


You had 10 spell levels left.
You didn't know any spells.
Your spell library contained the following spells:

 Spells                   Type           Power      Damage    Failure   Level
 Corpse Rot               Necr/Air       N/A        N/A       100%        2
 Dispel Undead            Necr           0%         3d6       100%        4
 Death Channel            Necr           0%         N/A       100%        6


Dungeon Overview and Level Annotations

Branches:
Dungeon (10/15)            Temple (0/1) D:5            Lair (0/6) D:9
    Orc: D:9-12

Altars:
Elyvilon
Fedhas
Kikubaaqudgha
Nemelex Xobeh
Trog
Vehumet
Wu Jian
Xom
Yredelemnul
Zin
The Shining One

Shops:
D:3 [   D:8 [

Annotations:
D:10 Snorg


Innate Abilities, Weirdness & Mutations

You have a pair of horns on your head.
You reflexively headbutt those who attack you in melee.


Message History

You hit Snorg. You headbutt Snorg!
Snorg is almost dead.
Snorg bites you! Snorg claws you! Snorg claws you but does no damage.
Snorg closely misses you. You furiously retaliate!
You headbutt Snorg, but do no damage. Snorg claws you!
You block Snorg's attack.
You are too injured to fight recklessly!
You are too injured to fight recklessly!
You are too injured to fight recklessly!
You are too injured to fight recklessly!
You are too injured to fight recklessly!
You are too injured to fight recklessly!
You are too injured to fight recklessly!
You are too injured to fight recklessly!
You are too injured to fight recklessly!
You are too injured to fight recklessly!
You are too injured to fight recklessly!
You are too injured to fight recklessly!
You are too injured to fight recklessly!
You are too injured to fight recklessly!
You are too injured to fight recklessly!
You are too injured to fight recklessly!
You are too injured to fight recklessly!
You are too injured to fight recklessly!
You are too injured to fight recklessly!
You are too injured to fight recklessly!
You are too injured to fight recklessly!
You sock Snorg! Your headbutt misses Snorg.
Snorg is almost dead.
Snorg bites you!
* * * LOW HITPOINT WARNING * * *
Snorg barely misses you. Snorg completely misses you.
You closely miss Snorg. Your headbutt misses Snorg.
Snorg is almost dead.
Snorg bites you.
* * * LOW HITPOINT WARNING * * *
Snorg claws you.
* * * LOW HITPOINT WARNING * * *
Snorg claws you!
You die...

######### #.......# ####
#.......# #... #.......### #...
############.......... ....
#............#@####.. ....
#............#.T..# ....
#.[.######...#....#.. ....
#...#....'...#....+..########..
##..#....#...######..#......#..
#.##....#...........#......#.#
##.'.....#...........#......#.#
#..#.....'...........#......#.#
#..#.....#...........#))....#.#


You could see Snorg (berserk).

Vanquished Creatures
  A two-headed ogre (D:10)
  3 death yaks (D:9)
  Sonja (D:10)
  The ghost of demibob the Cleaver, a novice MiCK of Xom (D:6)
  Joseph (D:9)
  Maggie (D:8)
  Maurice (D:10)
  A kobold demonologist (D:7)
  Psyche (D:8)
  3 trolls
  The ghost of Moogle the Sneak, an amateur OpBr (D:4)
  Eustachio (D:5)
  Grum (D:9)
  5 yaks (D:9)
  A steam dragon (D:8)
  A water moccasin (D:7)
  Duvessa (D:4)
  2 ice beasts
  4 orc warriors
  A necrophage (D:5)
  2 black bears
  3 wolves (D:9)
  4 centaurs
  2 kobold brigands
  6 phantoms
  2 bullfrogs
  2 gnoll sergeants (D:10)
  3 scorpions
  A wyvern zombie (D:8)
  A wyvern skeleton (D:6)
  3 wights (D:7)
  Dowan (D:4)
  4 howler monkeys
  An electric eel (D:7)
  2 centaur zombies
  A bullfrog zombie (D:6)
  A jelly (D:8)
  5 quasits (D:6)
  2 gnoll shamans (D:7)
  4 orc priests
  Crazy Yiuf (D:4)
  An iguana (D:3)
  Ijyb (D:4)
  Natasha (thrice) (D:2)
  A scorpion zombie (D:5)
  4 orc wizards
  2 hound skeletons (D:4)
  3 howler monkey zombies
  A howler monkey skeleton (D:3)
  4 adders (D:2)
  20 gnolls
  A river rat (D:9)
  2 shadow imps
  A white imp (D:7)
  An ufetubus (D:6)
  8 dart slugs (D:3)
  18 orcs
  8 ball pythons
  3 bats (D:1)
  5 endoplasms
  5 giant cockroaches
  9 goblins
  3 hobgoblins
  6 jackals
  14 kobolds
  5 quokkas
  2 frilled lizards (D:2)
  8 rats
222 creatures vanquished.

Vanquished Creatures (others)
  A human (D:7)
  A fungus (D:4)
  9 plants
11 creatures vanquished.

Grand Total: 233 creatures vanquished

Notes
Turn   | Place    | Note
-------+----------+-------------------------------------------
     0 | D:1      | Duder the Minotaur Berserker began the quest for the Orb.
     0 | D:1      | Reached XP level 1. HP: 19/19 MP: 0/0
     6 | D:1      | Found a faded altar of an unknown god.
   181 | D:1      | Reached XP level 2. HP: 27/27 MP: 1/1
   182 | D:1      | Reached skill level 4 in Maces & Flails
   632 | D:1      | Reached skill level 1 in Shields
   731 | D:1      | Reached XP level 3. HP: 33/33 MP: 2/2
   946 | D:2      | Reached ** piety under Trog
  1040 | D:2      | Reached XP level 4. HP: 39/40 MP: 3/3
  1481 | D:2      | Noticed Natasha
  1489 | D:2      | Killed Natasha
  1490 | D:2      | Reached XP level 5. HP: 46/47 MP: 4/4
  1562 | D:2      | Noticed Natasha
  1569 | D:2      | Killed Natasha
  1570 | D:2      | Reached skill level 5 in Maces & Flails
  1972 | D:2      | Noticed Natasha
  1974 | D:2      | Killed Natasha
  2435 | D:3      | Reached *** piety under Trog
  2482 | D:3      | Found Ustetryo's Antique Armour Shoppe.
  2901 | D:3      | Reached XP level 6. HP: 53/53 MP: 5/5
  3098 | D:4      | Noticed Ijyb
  3106 | D:4      | Killed Ijyb
  3110 | D:4      | Found a bloodstained altar of Trog.
  3110 | D:4      | Found a blossoming altar of Fedhas.
  3191 | D:4      | Found a runed translucent gate.
  3191 | D:4      | Found a runed translucent gate.
  3192 | D:4      | Found a runed translucent gate.
  3197 | D:4      | Identified the +10 shortbow "Ennozoc" {vorpal, +Blink Str+3
                  | Int-2 Dex+6}
  3207 | D:4      | Found a runed translucent door.
  3208 | D:4      | Noticed Crazy Yiuf
  3226 | D:4      | Noticed Moogle's ghost (amateur OpBr)
  3235 | D:4      | Killed Moogle's ghost
  3236 | D:4      | Reached skill level 5 in Fighting
  3236 | D:4      | Reached skill level 6 in Maces & Flails
  3286 | D:4      | Reached XP level 7. HP: 55/61 MP: 6/6
  3424 | D:4      | Noticed Duvessa
  3424 | D:4      | Noticed Dowan
  3427 | D:4      | Killed Dowan
  3442 | D:4      | Killed Duvessa
  3457 | D:4      | Reached skill level 7 in Maces & Flails
  3457 | D:4      | Reached skill level 5 in Armour
  3747 | D:4      | Killed Crazy Yiuf
  3974 | D:5      | Entered Level 5 of the Dungeon
  3974 | D:5      | Noticed Eustachio
  3984 | D:5      | Reached XP level 8. HP: 70/70 MP: 7/7
  3988 | D:5      | Killed Eustachio
  4029 | D:5      | Found a staircase to the Ecumenical Temple.
  4109 | D:5      | Reached skill level 8 in Maces & Flails
  4109 | D:5      | Reached skill level 5 in Dodging
  4928 | D:6      | Reached skill level 9 in Maces & Flails
  4936 | D:6      | Found a transporter.
  4982 | D:6      | Noticed demibob's ghost (novice MiCK)
  5060 | D:6      | Found a transporter.
  5070 | D:6      | Reached **** piety under Trog
  5577 | D:3      | Bought a pair of embroidered gloves for 202 gold pieces
  5668 | D:6      | Reached XP level 9. HP: 79/79 MP: 8/8
  5678 | D:6      | Killed demibob's ghost
  5738 | D:7      | Reached skill level 10 in Maces & Flails
  6155 | D:7      | Reached skill level 1 in Throwing
  6226 | D:7      | Noticed a kobold demonologist
  6231 | D:7      | Killed a kobold demonologist
  6502 | D:7      | Found an ancient bone altar of Kikubaaqudgha.
  7068 | D:7      | Found a white marble altar of Elyvilon.
  7378 | D:8      | Found Dairaffe's Antique Armour Boutique.
  7397 | D:8      | Found a radiant altar of Vehumet.
  7399 | D:8      | Found a glowing silver altar of Zin.
  7399 | D:8      | Found a glowing golden altar of the Shining One.
  7399 | D:8      | Found a shimmering altar of Xom.
  7405 | D:8      | Found a basalt altar of Yredelemnul.
  7405 | D:8      | Found a sparkling altar of Nemelex Xobeh.
  7459 | D:8      | Noticed Psyche
  7463 | D:8      | Noticed Maggie
  7468 | D:8      | Killed Psyche
  7469 | D:8      | Reached skill level 11 in Maces & Flails
  7469 | D:8      | Reached XP level 10. HP: 89/89 MP: 9/9
  7475 | D:8      | Killed Maggie
  8371 | D:9      | Noticed a death yak
  8374 | D:9      | Noticed a death yak
  8377 | D:9      | Noticed a death yak
  8387 | D:9      | Killed a death yak
  8397 | D:9      | Killed a death yak
  8398 | D:9      | Reached skill level 12 in Maces & Flails
  8403 | D:9      | Noticed Grum
  8405 | D:9      | Killed a death yak
  8407 | D:9      | Found a staircase to the Lair.
  8416 | D:9      | Reached ***** piety under Trog
  8418 | D:9      | Killed Grum
  8419 | D:9      | Reached XP level 11. HP: 48/97 MP: 10/10
  8690 | D:9      | Noticed Joseph
  8710 | D:9      | Killed Joseph
  9402 | D:9      | Found an ornate altar of the Wu Jian Council.
  9731 | D:10     | Entered Level 10 of the Dungeon
  9751 | D:10     | Noticed Maurice
  9765 | D:10     | Killed Maurice
  9814 | D:10     | Noticed a two-headed ogre
  9822 | D:10     | Killed a two-headed ogre
 10006 | D:10     | Noticed Sonja
 10026 | D:10     | Killed Sonja
 10027 | D:10     | Reached skill level 13 in Maces & Flails
 10209 | D:10     | Reached skill level 5 in Throwing
 10444 | D:10     | Reached skill level 10 in Fighting
 10482 | D:10     | Noticed Snorg
 10493 | D:10     | Slain by Snorg

Illustrated notes

Levels and vault maps discovered:
D:1:      roderic_crop_circles_arrival_small, layout_basic,
          ebering_ecumenical_altar_abandoned
D:2:      layout_basic, minivault_4, uniq_natasha
D:3:      kennysheep_slugbush, layout_loops_ring, serial_shops, shop,
          minivault_5
D:4:      layout_rooms, jmf_multi_god_temple, ebering_ghost_rock_garden,
          grunt_ministairs_13, st_stairs_4, uniq_crazy_yiuf_cottage,
          uniq_duvessa, uniq_ijyb
D:5:      layout_cave_pods, minmay_temple_entry_statues, uniq_eustachio
D:6:      layout_cave_pools, gammafunk_ghost_stat_death,
          kennysheep_decorative_pillar, corexii_leaking_fountain
D:7:      layout_loops_ring, nicolae_elyvilon_temple_path, tgw_kikubaaqudgha
D:8:      minmay_opposing_rooms, layout_basic, minmay_overflow_temple_hex,
          serial_shops, shop, minmay_fountain_box, uniq_maggie, uniq_psyche
D:9:      layout_stronghold, lemuel_round_altar, dpeg_lair_monsters,
          roderic_serpentine_path, uniq_grum, uniq_joseph
D:10:     lemuel_ice_spiral_2, layout_irregular_city, minmay_misc_feat_ornament,
          uniq_snorg, uniq_sonja, uniq_maurice

Skill      XL: |  1  2  3  4  5  6  7  8  9 10 11 |
---------------+----------------------------------+-----
Maces & Flails | 4 5 6 7 9 11 12 13 | 13.1
Shields        | 1 2 3 4 |  4.0
Fighting       | 4 5 7 8 9 10 | 10.0
Armour         | 3 4 5 6 7 9 |  9.5
Dodging        | 3 4 5 7 8 |  8.7
Throwing       | 2 4 5 |  5.1

Action                   |  1- 3 |  4- 6 |  7- 9 | 10-12 || total
-------------------------+-------+-------+-------+-------++-------
Melee: Mace              |    61 |   134 |   106 |       ||   301
       Headbutt          |    13 |    17 |    39 |    73 ||   142
       Morningstar       |       |       |    85 |   211 ||   296
Throw: Stone             |       |       |    20 |    14 ||    34
Invok: Berserk           |       |     2 |     5 |     3 ||    10
       Trog's Hand       |       |     1 |     2 |     3 ||     6
Evoke: Wand              |       |       |     1 |       ||     1
  Use: Scroll            |       |     7 |     7 |     6 ||    20
 Stab: Distracted        |       |       |     2 |       ||     2
Armor: Ring mail         |     9 |       |       |       ||     9
       Animal skin       |     1 |       |       |       ||     1
       Scale mail        |    13 |    42 |       |       ||    55
       Chain mail        |       |    24 |   114 |    88 ||   226
       Plate armour      |       |       |       |    34 ||    34
Dodge: Dodged            |    30 |    73 |    83 |   117 ||   303
Block: Buckler           |     6 |    24 |    84 |   126 ||   240
       Reflection        |       |       |     6 |     8 ||    14
